 Dungeon Crawl Stone Soup version 0.24.0-13-gcf9b319 (webtiles) character file.

Game seed: 5101723936649849761, levelgen mode: deterministic

147 Balder the Cudgeler (level 5, -18/46 HPs)
             Began as a Draconian Berserker on Jan 10, 2020.
             Was a Believer of Trog.
             Blown up by an orc (28 damage)
             ... with a disintegration bolt
             ... on level 3 of the Dungeon.
             The game lasted 00:14:13 (2515 turns).

Balder the Cudgeler (Draconian Berserker)           Turns: 2515, Time: 00:14:13

Health: -18/46     AC:  6    Str: 19    XL:     5   Next: 7%
Magic:  5/5        EV: 13    Int:  7    God:    Trog [**....]
Gold:   121        SH:  0    Dex: 12    Spells: 4/4 levels left

rFire    . . .     SeeInvis .   a - +1 mace
rCold    . . .     Gourm    .   (no shield)
rNeg     . . .     Faith    .   (armour unavailable)
rPois    .         Spirit   .   (helmet restricted)
rElec    .         Reflect  .   (no cloak)
rCorr    .         Harm     .   (no gloves)
MR       .....                  h - +0 pair of boots
Stlth    ++........             (no amulet)
HPRegen  0.15/turn              (no ring)
MPRegen  0.09/turn              (no ring)

@: no status effects
A: unfitting armour, cold-blooded, AC +5
a: Berserk, Trog's Hand, Renounce Religion


You were on level 3 of the Dungeon.
You worshipped Trog.
Trog was pleased with you.
You were not hungry.

You visited 1 branch of the dungeon, and saw 3 of its levels.

You collected 121 gold pieces.

Inventory:

Hand Weapons
 a - a +1 mace (weapon)
Missiles
 i - 7 boomerangs (quivered)
Armour
 h - a +0 pair of boots (worn)
 n - a -2 large shield
Magical Staves
 f - an uncursed staff of wizardry
Jewellery
 c - an uncursed amulet of harm {unknown}
Scrolls
 g - a scroll of fog {unknown}
 k - a scroll of remove curse
 m - 4 scrolls of teleportation {unknown}
 o - a scroll of noise {unknown}
 q - 2 scrolls of identify {unknown}
Potions
 e - 3 potions of magic {unknown}
 j - a potion of flight {unknown}
 p - 3 potions of curing
Comestibles
 b - 8 rations
 d - 6 chunks of flesh


   Skills:
 * Level 4.0 Fighting
 * Level 4.5 Maces & Flails
 * Level 3.4 Dodging
 * Level 1.3 Stealth


You had 4 spell levels left.
You didn't know any spells.
Your spell library was empty.

Dungeon Overview and Level Annotations

Branches:
Dungeon (3/15)

Altars:
The Shining One


Innate Abilities, Weirdness & Mutations

Your plain brown scales are hard. (AC +5)
You cannot fit into any form of body armour.
You are cold-blooded and may be slowed by cold attacks.


Message History

You hit the hobgoblin.
The hobgoblin is almost dead.
The hobgoblin misses you.
You barely miss the hobgoblin. You tail-slap the hobgoblin.
You kill the hobgoblin!
Trog accepts your kill.
The orc throws a stone.
The stone hits you but does no damage.
The orc zaps a wand.
You are blasted!
Ouch! That really hurt!
* * * LOW HITPOINT WARNING * * *
You see here a +0 club.
You barely miss the orc. The orc barely misses you.
You hit the orc but do no damage. The orc closely misses you.
You completely miss the orc. The orc hits you.
* * * LOW HITPOINT WARNING * * *
The orc hits you but does no damage.
You completely miss the orc. The orc completely misses you.
You closely miss the orc.
The orc zaps a wand.
You are blasted!
Ouch! That really hurt!
You die...

######## #
.......######### ..#
........()...(.####.....
.####..#######.(@o......
.##....# ######.....
.##.#..# ..# .##.#..####
# ..........# ###..####.
#..#### #.....# #
##.##.#.#


You could see an orc.

Vanquished Creatures
  9 adders
  2 worms
  A dart slug (D:3)
  A leopard gecko (D:1)
  8 bats
  2 giant cockroaches
  9 goblins
  7 hobgoblins
  3 jackals (D:1)
  4 kobolds (D:2)
  4 frilled lizards
  8 rats
58 creatures vanquished.

Notes
Turn   | Place    | Note
-------+----------+-------------------------------------------
     0 | D:1      | Balder the Draconian Berserker began the quest for the Orb.
     0 | D:1      | Reached XP level 1. HP: 19/19 MP: 1/1
   139 | D:1      | Reached XP level 2. HP: 13/26 MP: 2/2
   328 | D:1      | Found a glowing golden altar of the Shining One.
   824 | D:2      | Reached ** piety under Trog
   883 | D:2      | Reached XP level 3. HP: 33/33 MP: 3/3
  1406 | D:2      | Reached skill level 1 in Stealth
  2097 | D:3      | Reached XP level 4. HP: 29/40 MP: 4/4
  2393 | D:3      | Reached XP level 5. HP: 33/46 MP: 5/5
  2515 | D:3      | Blown up by an orc

Levels and vault maps discovered:
D:1:      scummos_arrival_simple_fountains, layout_rooms, tso_altar
D:2:      layout_basic
D:3:      layout_loops_cross, uniq_sigmund

Skill      XL: |  1  2  3  4 |
---------------+-------------+-----
Dodging        | 3 |  3.4
Stealth        | 1 |  1.3
Maces & Flails | 4 |  4.5
Fighting       | 4 |  4.0

Action                   |  1- 3 |  4- 6 || total
-------------------------+-------+-------++-------
Melee: Mace              |   140 |    66 ||   206
       Tailslap          |    12 |     6 ||    18
  Use: Scroll            |     4 |       ||     4
       Potion            |       |     1 ||     1
 Stab: Sleeping          |     1 |     2 ||     3
  Eat: Ration            |     1 |       ||     1
       Chunk             |       |     2 ||     2
Armor: Skin              |    46 |    29 ||    75
Dodge: Dodged            |   111 |    49 ||   160
Block: Large shield      |     1 |       ||     1
